 Dungeon Crawl Stone Soup version 0.22-a0-157-g169b76a (webtiles) character file.

70 KristoblXynda the Chopper (level 4, -2/33 HPs)
             Began as a Demonspawn Gladiator on Feb 8, 2018.
             Was an Initiate of Makhleb.
             Slain by Sigmund
             ... wielding a +0 scythe
              (14 damage)
             ... on level 2 of the Dungeon.
             The game lasted 00:02:44 (2040 turns).

KristoblXynda the Chopper (Demonspawn Gladiator)    Turns: 2040, Time: 00:02:45

Health: -2/33      AC:  4    Str: 15    XL:     4   Next: 3%
Magic:  4/4        EV: 13    Int: 15    God:    Makhleb [......]
Gold:   94         SH:  0    Dex: 14    Spells: 3/3 levels left

rFire    + . .     SeeInvis .   a - +0 war axe
rCold    . . .     Gourm    .   (no shield)
rNeg     . . .     Faith    .   b - +0 leather armour
rPois    .         Spirit   .   c - +0 helmet
rElec    .         Reflect  .   (no cloak)
rCorr    .         Harm     .   (no gloves)
MR       .....                  (no boots)
Stlth    +.........             (no amulet)
HPRegen  0.11/turn              (no ring)
MPRegen  0.09/turn              (no ring)

@: confused, brilliant
A: fire resistance 1
a: Renounce Religion


You were on level 2 of the Dungeon.
You worshipped Makhleb.
Makhleb was noncommittal.
You were not hungry.

You visited 1 branch of the dungeon, and saw 2 of its levels.

You collected 94 gold pieces.

Inventory:

Hand Weapons
 a - a +0 war axe (weapon)
 k - a +0 antimagic hand axe
Missiles
 d - 3 throwing nets (quivered)
Armour
 b - a +0 leather armour (worn)
 c - a +0 helmet (worn)
Jewellery
 n - an uncursed ring of wizardry {unknown}
Scrolls
 g - 3 scrolls of remove curse {unknown}
 q - a scroll of teleportation {unknown}
 s - a scroll of identify {unknown}
Potions
 e - a potion of haste {unknown}
 h - a potion of lignification {unknown}
 i - a potion of agility {unknown}
 j - a potion of ambrosia {unknown}
 l - a potion of heal wounds {unknown}
 m - a potion of magic {unknown}
 o - a potion of flight {unknown}
 p - a potion of might {unknown}
 r - a potion of brilliance
Comestibles
 f - 6 rations


   Skills:
 - Level 2.0 Fighting
 * Level 3.7 Axes
 - Level 2.0 Throwing
 + Level 1.1 Armour
 + Level 3.1 Dodging


You had 3 spell levels left.
You didn't know any spells.

Dungeon Overview and Level Annotations

Branches:
Dungeon (2/15)

Altars:
Ashenzari
Cheibriados
Dithmenos
Elyvilon
Fedhas
Makhleb
Nemelex Xobeh
Ru
Wu Jian

Annotations:
D:2 Sigmund


Innate Abilities, Weirdness & Mutations

Your flesh is heat resistant. (rF+)


Message History

You hit Sigmund.
Sigmund is heavily wounded.
Sigmund flickers, as though insubstantial.
Sigmund gestures at you while chanting.
You are confused.
Sigmund barely misses you.
You barely miss Sigmund.
Sigmund is heavily wounded.
Sigmund barely misses you.
You miss Sigmund.
Sigmund is heavily wounded.
You slash Sigmund!
Sigmund is severely wounded.
Sigmund mumbles some strange words.
Sigmund flickers and vanishes!
Deactivating autopickup; reactivate with Ctrl-A.
Something hits you.
You bump into the rock wall.
You miss something. Something hits you!
You die...

#. #.# ###.## #.##
.... #######... # #..
#.........
.##.##..###
#.###.#... .........#
#.# #.#...
#####.#.#.#.###.#
#.#...
#.....{.#....†..#
#.#... #@###....##
#.#... #........##
#....(
#.###.....#####.##
...#.........#.....
#.#.##.............##
# #. #.........#...##
###########.####....
##_#_###.#.#.# #..##
#_.#.#.#.#.8.# #..##


There were no monsters in sight!

Vanquished Creatures
  2 adders (D:2)
  A worm (D:2)
  A leopard gecko (D:2)
  3 giant cockroaches
  5 goblins
  9 hobgoblins
  4 jackals (D:2)
  6 kobolds
  2 ball pythons (D:1)
  5 bats
  3 frilled lizards
  5 rats
46 creatures vanquished.

Notes
Turn   | Place    | Note
-------+----------+-------------------------------------------
     0 | D:1      | KristoblXynda the Demonspawn Gladiator began the quest for the Orb.
     0 | D:1      | Reached XP level 1. HP: 16/16 MP: 1/1
   282 | D:1      | Gained mutation: Your flesh is heat resistant. (rF+) [demonic ancestry]
   282 | D:1      | Reached XP level 2. HP: 21/22 MP: 2/2
   603 | D:1      | HP: 1/22 [hobgoblin (1)]
  1127 | D:2      | Reached XP level 3. HP: 26/27 MP: 3/3
  1768 | D:2      | Found a burning altar of Makhleb.
  1768 | D:2      | Found a shadowy altar of Dithmenos.
  1778 | D:2      | Became a worshipper of Makhleb the Destroyer
  1976 | D:2      | Reached skill level 1 in Armour
  1980 | D:2      | Reached XP level 4. HP: 23/33 MP: 4/4
  1998 | D:2      | Found a white marble altar of Elyvilon.
  1998 | D:2      | Found an ornate altar of the Wu Jian Council.
  1998 | D:2      | Found a shattered altar of Ashenzari.
  1998 | D:2      | Found a snail-covered altar of Cheibriados.
  2001 | D:2      | Found a sparkling altar of Nemelex Xobeh.
  2002 | D:2      | Found a blossoming altar of Fedhas.
  2003 | D:2      | Found a sacrificial altar of Ru.
  2023 | D:2      | Noticed Sigmund
  2040 | D:2      | Slain by Sigmund

Vault maps used:
D:1:      lemuel_arrival_rhombus, minmay_vboxes
D:2:      minitemple, gammafunk_temple_overflow_pools, minmay_pentomino_v4,
          uniq_sigmund

Skill      XL: |  1  2  3 |
---------------+----------+-----
Axes           | 3 |  3.7
Throwing       | 2 |  2.0
Dodging        | 3 |  3.1
Armour         | 1 |  1.1
Fighting       | |  2.0

Action                   |  1- 3 |  4- 6 || total
-------------------------+-------+-------++-------
Melee: War axe           |   143 |    11 ||   154
  Use: Potion            |       |     1 ||     1
  Eat: Ration            |     1 |       ||     1
Armor: Leather armour    |    42 |       ||    42
Dodge: Dodged            |   129 |     6 ||   135

Table legend:
 A = Spawn XP
 B = Non-spawn XP
 C = Spawn XP percentage of total XP
 D = Spawn monster count
 E = Non-spawn monster count
 F = Spawn count percentage of total count
 G = Total turns spent on level
                    A         B        C        D         E        F      G
               +---------+---------+-------+---------+---------+-------+---------
         Total |       0 |     100 |   0.0 |       0 |      46 |   0.0 |  2040
               +---------+---------+-------+---------+---------+-------+---------
           D:1 |       0 |      35 |   0.0 |       0 |      24 |   0.0 |  1072
           D:2 |       0 |      65 |   0.0 |       0 |      22 |   0.0 |   968
               +---------+---------+-------+---------+---------+-------+---------
